Map: Dynasty LE

Players

LEO

  • Race: Zerg Zerg
  • League: Platinum
  • Spawn Location: 7:00

NumeroUno - Winner!

  • Race: Zerg Zerg
  • League: Platinum
  • Spawn Location: 1:00

VOD

Have the link to the VOD?

Description

NANG ZVZ

Time

  • Played on: Sept. 16, 2024, 10:47 p.m.
  • Length: 12:31
Show
View Real Time Build Order
Export as new Build Order

LEO Zerg 

Build Orders: Hatch First 

Get SALT Encoding   

  12  0:06  Drone  
  13  0:34  Hatchery  
  12  0:53  Spawning Pool  
  12  0:56  Drone  
  12  0:57  Drone  
  13  1:01  Drone  
  14  1:12  Overlord  
  14  1:30  Drone x2  
  16  1:50  Drone x2, Hatchery  
  17  2:00  Zergling x4  
  19  2:04  Extractor  
  18  2:09  Drone, Extractor  
  19  2:15  Zergling x4  
  20  2:29  Drone x3  
  23  2:39  Queen x2  
  27  2:50  Drone  
  28  2:52  Overlord  
  28  2:55  Overlord  
  28  3:07  Drone x4  
  32  3:25  Drone x6  
  38  3:29  Metabolic Boost  
  38  3:41  Drone x4  
  40  3:47  Drone  
  40  3:48  Drone  
  44  3:57  Zergling x4  
  44  4:02  Queen x2  
  50  4:10  Overlord  
  50  4:11  Overlord  
  50  4:21  Roach Warren  
  50  4:22  Overlord  
  48  4:40  Zergling x10  
  48  4:41  Zergling x10  
  55  5:04  Drone x7  
  55  5:05  Drone x2  
  62  5:31  Overlord x2  
  62  5:35  Lair  
  61  5:43  Overlord x2  
  61  5:48  Extractor  
  60  5:50  Extractor  
  60  5:54  Zergling x2  
  60  5:55  Zergling x24  
  66  6:18  Roach x3  
  66  6:19  Roach x5  
  77  6:31  Roach x3  
  74  6:37  Roach x2  
  69  6:44  Roach  
  69  6:45  Roach x3  
  72  6:56  Roach x7  
  82  7:02  Roach  
  82  7:09  Roach  
  82  7:10  Roach  
  82  7:17  Roach x2  
  86  7:29  Roach x3  
  94  7:30  Roach  
  94  7:44  Drone x4  
  98  7:53  Glial Reconstitution  
  98  8:00  Hydralisk Den  
  98  8:04  Overlord x2  
  97  8:15  Drone  
  97  8:17  Overlord x2  
  98  8:20  Spore Crawler  
  98  8:22  Queen x2  
  101  8:33  Overlord x2  
  101  8:34  Drone  
  101  8:35  Drone x8  
  94  9:08  Drone x11  
  101  9:24  Lurker Den  
  100  9:29  Pneumatized Carapace  
  100  9:49  Drone x10  
  108  10:09  Spore Crawler, Grooved Spines  
  107  10:17  Spore Crawler  
  106  10:30  Hydralisk x5  
  106  10:31  Hydralisk  
  118  10:59  Muscular Augments  
  118  12:02  Overlord x2  
  118  12:03  Overlord x4  
Show
View Real Time Build Order
Export as new Build Order

NumeroUno Zerg - Winner!

Build Orders: Hatch First 

Get SALT Encoding   

  12  0:00  Drone  
  13  0:11  Drone  
  14  0:14  Extractor  
  14  0:16  Drone  
  15  0:39  Hatchery  
  15  0:42  Extractor  
  13  0:45  Drone  
  15  0:51  Overlord  
  15  1:08  Spawning Pool  
  14  1:12  Drone  
  15  1:23  Drone  
  15  1:24  Drone x2  
  18  1:35  Drone  
  19  1:41  Extractor  
  18  1:48  Drone  
  18  1:52  Drone  
  20  1:55  Queen x2  
  24  2:12  Drone  
  24  2:13  Overlord  
  25  2:16  Drone x2  
  27  2:24  Roach Warren  
  26  2:32  Drone  
  26  2:35  Drone x3  
  29  2:58  Zergling x2  
  29  2:59  Zergling x6  
  33  3:06  Baneling Nest  
  33  3:09  Drone x4  
  33  3:12  Lair  
  36  3:14  Overlord  
  36  3:28  Overlord x2  
  36  3:33  Roach x2  
  40  3:41  Roach  
  42  3:50  Overlord  
  42  3:52  Overlord  
  42  3:54  Drone x6  
  48  4:00  Baneling x2  
  48  4:22  Extractor  
  47  4:27  Extractor  
  46  4:32  Hatchery  
  45  4:42  Zergling x2  
  45  4:43  Zergling x22  
  57  4:52  Metabolic Boost  
  56  5:11  Zergling x2  
  56  5:12  Zergling x14  
  60  5:31  Roach x3  
  66  5:36  Overlord x2  
  66  5:37  Overlord  
  64  5:43  Queen x2  
  64  5:49  Centrifugal Hooks  
  68  5:51  Roach  
  69  6:07  Zergling x16  
  77  6:16  Drone x3  
  80  6:24  Hatchery  
  77  6:31  Zergling x8  
  72  6:33  Hatchery  
  66  6:46  Zergling x16  
  67  6:56  Zergling x4  
  54  7:25  Queen x2  
  58  7:32  Zergling x4  
  58  7:33  Zergling x14  
  67  7:45  Drone x5  
  67  7:46  Drone  
  73  7:57  Drone x4  
  77  8:00  Queen  
  79  8:06  Zergling x8  
  83  8:16  Zergling x8  
  87  8:30  Zergling x18  
  86  8:50  Zergling x2  
  86  8:51  Zergling x16  
  85  8:58  Zergling x10  
  86  9:07  Zergling x8  
  79  9:15  Drone x2  
  78  9:28  Zergling x4  
  78  9:29  Zergling x16  
  88  9:40  Zergling x8  
  92  9:49  Hydralisk Den  
  92  9:50  Hatchery  
  87  10:01  Zergling x8  
  87  10:02  Zergling x18  
  100  10:21  Zergling x2  
  100  10:22  Zergling x4  
  100  10:27  Overlord x4  
  100  10:28  Overlord x2  
  103  10:31  Muscular Augments  
  103  10:35  Overlord x4  
  103  10:45  Hydralisk  
  103  10:46  Hydralisk x7  
  119  10:53  Evolution Chamber  
  119  10:57  Hydralisk x6  
  130  11:07  Queen  
  133  11:11  Zergling x16  
  140  11:28  Hydralisk  
  140  11:29  Hydralisk x7  
  156  11:37  Drone x5  
  161  11:41  Queen  
  161  11:45  Drone x3  
  166  11:55  Baneling x8  
  166  11:56  Zergling x2  
  166  11:57  Zergling x6  
  165  12:13  Zergling x10  
  165  12:14  Zergling x16  
Tags
 
Add a new tag
Caveats
  • Supply blocks, unpowered buildings, or Contaminate may cause inaccurate times.
  • Supply counts are checked every 10 seconds.